 Dungeon Crawl Stone Soup version 0.31-a0-986-g5e6e4ef867 (webtiles) character file.

Game seed: 4137344989576761416

208 promet the Trooper (level 5, -2/57 HPs)
             Began as an Ogre Monk on Nov 4, 2023.
             Was a Believer of Wu Jian.
             Killed from afar by Ijyb (6 damage)
             ... with a puff of flame
             ... on level 4 of the Dungeon.
             The game lasted 00:13:32 (3821 turns).

promet the Trooper (Ogre Monk)                      Turns: 3821, Time: 00:13:33

Health: -2/57      AC:  3    Str: 15    XL:     5   Next: 86%
Magic:  5/5        EV: 10    Int: 13    God:    Wu Jian [**....]
Gold:   134        SH:  0    Dex: 11    Spells: 1/4 levels left

rFire   . .          .
                       - Unarmed
rCold   . . .        (no shield)
rNeg    . . .        a - +0 robe
rPois   .            (helmet restricted)
rElec   .            (no cloak)
rCorr   .            (gloves unavailable)
SInv    .            (boots unavailable)
Will    .....        (no amulet)
Stlth   +            k - ring of wizardry
HPRegen 0.29/turn    (no ring)
MPRegen 0.09/turn

%: wizardry (x1)
@: hasted, very quick
A: large, unfitting armour, tough skin 1
a: Renounce Religion, Wall Jump


You were on level 4 of the Dungeon.
You worshipped Wu Jian.
Wu Jian was pleased with you.
You visited 1 branch of the dungeon, and saw 4 of its levels.

You collected 134 gold pieces.

Inventory:

Missiles
 d - 16 poisoned darts (quivered)
 i - 14 stones
Armour
 a - a +0 robe (worn)
 c - an orb of light
 o - a +0 kite shield
Jewellery
 h - a ring of fire
 k - a ring of wizardry (left hand)
Talismans
 e - a beast talisman
Scrolls
 f - a scroll of identify
 g - a scroll of revelation
 j - 5 scrolls of poison
 m - a scroll of teleportation
 p - a scroll of vulnerability {unknown}
Potions
 b - a potion of ambrosia


   Skills:
 * Level 5.2 Fighting
 + Level 3.5 Dodging
 + Level 0.1 Stealth
 + Level 4.4 Unarmed Combat
 * Level 0.9 Conjurations


You had one spell level left.
You knew the following spells:

 Your Spells              Type           Power      Damage    Failure   Level
a - Stone Arrow           Conj/Erth      2%         3d7       30%         3

Your spell library contained the following spells:

 Spells                   Type           Power      Damage    Failure   Level
 Kiss of Death            Conj/Necr      4%         2d5       11%         1
 Confusing Touch          Hex            0%         N/A       34%         3
 Summon Guardian Golem    Hex/Summ       0%         N/A       34%         3
 Animate Armour           Summ/Erth      0%         N/A       73%         4
 Dispel Undead            Necr           0%         3d6       73%         4
 Orb of Destruction       Conj           1%         9d5       100%        7
 Spellforged Servitor     Conj/Summ      0%         N/A       100%        7
 Lehudib's Crystal Spear  Conj/Erth      0%         10d2      100%        8


Dungeon Overview and Level Annotations

Branches:
Dungeon (4/15)
 Temple: D:4-7

Altars:
Wu Jian
The Shining One

Annotations:
D:4 Ijyb


Innate Abilities, Weirdness & Mutations

You are too large for most types of armour.
You have tough skin. (AC +1)


Message History

You miss Ijyb.
Ijyb is lightly wounded.
Ijyb zaps a wand.
The puff of flame hits you! Ijyb attacks as she pursues you!
Ijyb hits you but does no damage.
You closely miss Ijyb.
Ijyb is lightly wounded.
Ijyb hits you with a +0 club.
* * * LOW HITPOINT WARNING * * *
You hit Ijyb. Your punch misses Ijyb.
Ijyb is moderately wounded.
It was a potion of curing.
You feel better. Ijyb hits you with a +0 club.
* * * LOW HITPOINT WARNING * * *
You barely miss Ijyb.
Ijyb is moderately wounded.
Ijyb barely misses you.
You hit Ijyb.
Ijyb is moderately wounded.
Ijyb hits you with a +0 club.
* * * LOW HITPOINT WARNING * * *
It was a potion of haste.
You feel yourself speed up. Ijyb barely misses you.
You hit Ijyb but do no damage.
Ijyb is moderately wounded.
Ijyb hits you with a +0 club.
* * * LOW HITPOINT WARNING * * *
You hit Ijyb but do no damage.
Ijyb is moderately wounded.
Ijyb hits you with a +0 club.
* * * LOW HITPOINT WARNING * * *
You closely miss Ijyb.
Ijyb is moderately wounded.
You closely miss Ijyb.
Ijyb is moderately wounded.
Ijyb barely misses you.
As you read the scroll labelled FELUMP DOEH, it crumbles to dust.
The creatures around you are filled with an inner flame!
It was a scroll of immolation.
You barely miss Ijyb.
Ijyb is moderately wounded.
Ijyb zaps a wand.
The puff of flame hits you.
You die...

........#.# #..#
...###....# #..#
..####.#..###..#
...#...#...##..######
.....#####..........#
...#...#...#######..#
..####.#.#.# #..#
##.###...#.#######..####
#..†<..##.....g@......#
##......##########..##.#
#)#####.# #..# # ..# ...
...# ### ### #.## # #.#
# #.# # #.# #


You could see Ijyb (inner flame).

Vanquished Creatures
  A howler monkey (D:3)
  An orc priest (D:3)
  A hound (D:4)
  5 adders
  A worm (D:2)
  8 orcs (D:3)
  3 ball pythons
  6 endoplasms
  4 giant cockroaches
  A goblin (D:4)
  8 hobgoblins
  5 kobolds
  2 quokkas (D:1)
  3 bats (D:2)
  2 frilled lizards
  6 rats
57 creatures vanquished.

Notes
Turn   | Place    | Note
-------+----------+-------------------------------------------
     0 | D:1      | promet the Ogre Monk began the quest for the Orb.
     0 | D:1      | Reached XP level 1. HP: 24/24 MP: 1/1
   122 | D:1      | Reached XP level 2. HP: 31/33 MP: 2/2
   802 | D:2      | Reached XP level 3. HP: 35/40 MP: 3/3
  1427 | D:2      | Reached XP level 4. HP: 34/49 MP: 4/4
  2388 | D:3      | Learned a level 3 spell: Stone Arrow
  2428 | D:3      | Reached skill level 5 in Fighting
  2428 | D:3      | Reached XP level 5. HP: 50/57 MP: 5/5
  2973 | D:3      | Found an ornate altar of the Wu Jian Council.
  2974 | D:3      | Found a glowing golden altar of the Shining One.
  3469 | D:3      | Became a worshipper of the Wu Jian Council
  3469 | D:3      | Reached * piety under Wu Jian
  3469 | D:3      | Reached ** piety under Wu Jian
  3799 | D:4      | Noticed Ijyb
  3821 | D:4      | Killed from afar by Ijyb

Illustrated notes

Levels and vault maps discovered:
D:1:      minmay_arrival_loop, layout_rooms
D:2:      layout_loops_ring, chequers_mini_garden
D:3:      layout_basic, grunt_temple_overflow_open
D:4:      layout_loops_ring, uniq_ijyb

Skill      XL: |  1  2  3  4 |
---------------+-------------+-----
Unarmed Combat | 3 4 |  4.4
Dodging        | 3 |  3.5
Fighting       | 5 |  5.2
Stealth        | |  0.1
Conjurations   | |  0.9

Action                     |  1- 3 |  4- 6 || total
---------------------------+-------+-------++-------
  Melee: Unarmed           |    93 |   166 ||   259
  Throw: Dart              |       |     3 ||     3
Ability: Lunge             |       |     1 ||     1
    Use: Scroll            |     4 |     2 ||     6
         Potion            |       |     2 ||     2
 Armour: Robe              |    46 |    88 ||   134
  Dodge: Dodged            |    36 |    61 ||    97
  Block: Kite shield       |       |    10 ||    10

Table legend: (Time is in decaauts)
 A = Elapsed time spent in this place.
 B = Non-inter-level travel time spent in this place.
 C = Inter-level travel time spent in this place.
 D = Time resting spent in this place.
 E = Time spent auto-exploring this place.
 F = Levels seen in this place.
 G = Mean time per level.
                   A        B        C        D        E       F      G
               +--------+--------+--------+--------+--------+-----+--------+
         Total |   3807 |   3734 |     73 |   1315 |    986 |   4 |  951.8 |
       Dungeon |   3807 |   3734 |     73 |   1315 |    986 |   4 |  951.8 |
               +--------+--------+--------+--------+--------+-----+--------+

Top non-repeatable levels by time:
     D:3: 1511 daAuts
     D:2: 1399 daAuts
     D:1: 749 daAuts
     D:4: 147 daAuts
